 Dungeon Crawl Stone Soup version 0.31-a0-675-g238779eb0a (webtiles) character file.

Game seed: 13988605058244478415

36 qw the Shooter (level 3, -9/22 HPs)
             Began as a Gargoyle Hunter on Sept 5, 2023.
             Mangled by a gnoll
             ... wielding a +0 halberd
              (10 damage)
             ... on level 2 of the Dungeon.
             The game lasted 00:00:23 (877 turns).

qw the Shooter (Gargoyle Hunter)                     Turns: 877, Time: 00:00:23

Health: -9/22      AC:  7    Str: 14    XL:     3   Next: 37%
Magic:  3/3        EV: 11    Int:  9    God:
Gold:   118        SH:  0    Dex: 15    Spells: 2/2 levels left

rFire   . . .        Y - +0 shortbow
rCold   . . .        (shield currently unavailable)
rNeg    + . .        c - +0 leather armour
rPois   inf          f - +0 helmet
rElec   +            (no cloak)
rCorr   .            (no gloves)
SInv    .            (no boots)
Will    .....        (no amulet)
Stlth   ++           (no ring)
HPRegen 0.23/turn    (no ring)
MPRegen 0.08/turn

%: no passive effects
@: no status effects
A: sickness immunity, AC +3, negative energy resistance 1, electricity
resistance, torment resistance 1, petrification resistance
a: no special abilities


You were on level 2 of the Dungeon.
You visited 1 branch of the dungeon, and saw 2 of its levels.

You collected 118 gold pieces.


Innate Abilities, Weirdness & Mutations

You are immune to sickness and miasma.
Your stone body is resilient. (AC +3)
You are immune to poison.
You resist negative energy. (rN+)
You are resistant to electric shocks. (rElec)
You are resistant to unholy torment.
You are immune to petrification.


   Skills:
 + Level 2.5 Fighting
 - Level 5.0 Ranged Weapons
 - Level 1.5 Dodging
 - Level 1.1 Stealth


You had 2 spell levels left.
You didn't know any spells.
Your spell library was empty.

Inventory:

Hand Weapons
 Y - a +0 shortbow (weapon)
Armour
 c - a +0 leather armour (worn)
 f - a +0 helmet (worn)
Scrolls
 a - a scroll of fog {unknown}
 g - a scroll of blinking {unknown}
Potions
 b - 2 potions of mutation {unknown}
 d - a potion of magic {unknown}
 e - a potion of heal wounds {unknown}
 h - a potion of attraction {unknown}

Dungeon Overview and Level Annotations

Branches:
Dungeon (2/15)

Altars:


Message History

You shoot an arrow. The arrow hits the gnoll.
The gnoll is heavily wounded.
You hear an angry hiss.
An adder comes into view.
You shoot an arrow. The arrow hits the bat.
The bat is severely wounded.
The bat hits you but does no damage.
An adder comes into view.
You shoot an arrow. The arrow hits the bat.
You kill the bat!
A dart slug comes into view.
The gnoll hits you from afar with a +0 halberd!
Enter note:
Enter note:
872 |||
Found retreat position at 1,5 (floor) with 0 blocking monsters and 1 monsters attacking at destination at distance 6
Enter note:
Enter note:
872 ||| Stepping ~*~*~tactically~*~*~ (retreating).
Found a ring mail and 15 gold pieces.
The gnoll attacks as it pursues you! The gnoll closely misses you.
Enter note:
Enter note:
873 |||
Found retreat position at 0,4 (floor) with 0 blocking monsters and 1 monsters attacking at destination at distance 5
873 ||| Stepping ~*~*~tactically~*~*~ (retreating).
You shoot an arrow. The arrow hits the adder.
The adder is lightly wounded.
Enter note:
Enter note:
Enter note:
875 |||
Found retreat position at -1,3 (floor) with 0 blocking monsters and 1 monsters attacking at destination at distance 4
875 ||| Stepping ~*~*~tactically~*~*~ (retreating).
Found 10 gold pieces.
The gnoll hits you but does no damage.
You shoot an arrow. The arrow hits the gnoll.
The gnoll is severely wounded.
The gnoll hits you from afar with a +0 halberd!
Ouch! That really hurt!
You shoot an arrow. The arrow completely misses the gnoll.
The gnoll hits you from afar with a +0 halberd!
You die...

...........## ...#...
............# w.##$..
..##'##'###..##.##....
..##.##.# ...##.....
..##.##.#####.........
..##+##.....%.........
>.............g#########
.......##......S....[...
.......##.######@.......
........%.######....####
...............+........
.........#######....####
......... .......
....### .....### ....
.#+#.# ... $. .# ..


You could see a gnoll and an adder.

Vanquished Creatures
  2 worms (D:2)
  3 bats
  4 endoplasms (D:1)
  3 goblins (D:1)
  2 hobgoblins (D:1)
  2 quokkas (D:1)
  2 ball pythons (D:1)
  3 frilled lizards (D:1)
  4 kobolds (D:1)
  4 rats
29 creatures vanquished.

Notes
Turn   | Place    | Note
-------+----------+-------------------------------------------
     0 | D:1      | qw the Gargoyle Hunter began the quest for the Orb.
     0 | D:1      | Reached XP level 1. HP: 12/12 MP: 1/1
     0 | D:1      | 0 ||| qw: Version: 0.3-a-75-g829b12e
     0 | D:1      | 0 ||| qw: Game counter: 29
     0 | D:1      | 0 ||| qw: Melee chars always use a shield: true
     0 | D:1      | 0 ||| qw: God list: Okawaru
     0 | D:1      | 0 ||| qw: Allow faded altars: false
     0 | D:1      | 0 ||| qw: Do Orc after clearing Dungeon:15 true
     0 | D:1      | 0 ||| qw: Do second Lair branch before Depths: true
     0 | D:1      | 0 ||| qw: Lair rune preference: random
     0 | D:1      | 0 ||| qw: Goals: Normal
     0 | D:1      | 0 ||| PLANNING D:1-11
    53 | D:1      | 53 ||| RETREATING.
    67 | D:1      | Reached XP level 2. HP: 11/17 MP: 2/2
   443 | D:1      | Reached XP level 3. HP: 21/21 MP: 3/3
   702 | D:1      | Reached skill level 5 in Ranged Weapons
   708 | D:1      | 708 ||| UPGRADING to +0 helmet.
   713 | D:1      | 713 ||| READING scroll labelled XETIAM WOPT.
   714 | D:1      | 714 ||| DROPPING scroll of butterflies.
   872 | D:2      | 872 ||| Stepping ~*~*~tactically~*~*~ (retreating).
   873 | D:2      | 873 ||| Stepping ~*~*~tactically~*~*~ (retreating).
   875 | D:2      | 875 ||| Stepping ~*~*~tactically~*~*~ (retreating).
   876 | D:2      | HP: 1/22 [gnoll/+0 halberd (14)]
   877 | D:2      | Mangled by a gnoll

Levels and vault maps discovered:
D:1:      heliophobic_arrival_enchanted_forest, layout_basic
D:2:      layout_basic, grunt_decor_fettered, minmay_heptomino_w4

Skill      XL: |  1  2  3 |
---------------+----------+-----
Ranged Weapons | 5 |  5.0
Fighting       | |  2.5
Dodging        | |  1.5
Stealth        | |  1.1

Action                     || total
---------------------------++-------
   Fire: Shortbow          ||    96
    Use: Scroll            ||     1
 Armour: Leather armour    ||    23
  Dodge: Dodged            ||    18

Table legend:
 A = Non-vault XP
 B = Vault XP
 C = Vault XP percentage of total XP
 D = Non-vault monster count
 E = Vault monster count
 F = Vault count percentage of total count
                 A         B        C        D         E       F
            +---------+---------+-------+---------+---------+-------
      Total |      44 |       8 |  15.4 |      26 |       3 |  10.3
            +---------+---------+-------+---------+---------+-------
        D:1 |      39 |       0 |   0.0 |      25 |       0 |   0.0
        D:2 |       5 |       8 |  61.5 |       1 |       3 |  75.0
            +---------+---------+-------+---------+---------+-------
